Map: Port Aleksander LE

Players

Harstem - Winner!

  • Race: Protoss Protoss
  • Spawn Location: 11:00

Losting

  • Race: Protoss Protoss
  • Spawn Location: 5:00

Event: 2019 WCS Spring

VOD

Have the link to the VOD?

Description

Time

  • Played on: May 17, 2019, 6:38 a.m.
  • Length: 5:10

All games in this series

Show
View Real Time Build Order
Export as new Build Order

Harstem Protoss - Winner!

Build Orders:  

Get SALT Encoding   

  12  0:00  Probe  
  13  0:12  Probe  
  14  0:18  Pylon  
  14  0:24  Probe  
  15  0:32  Probe  
  15  0:39  Gateway  
  15  0:40  Probe  
  17  0:51  Probe  
  17  0:54  Assimilator  
  18  0:58  Assimilator  
  18  0:59  Probe  
  19  1:07  Probe  
  19  1:18  Probe  
  21  1:26  Zealot  
  21  1:27  Cybernetics Core  
  23  1:34  Pylon  
  23  1:40  Pylon  
  23  1:55  Stalker  
  23  2:06  Pylon  
  25  2:08  Pylon  
  25  2:23  Stalker  
  27  2:36  Robotics Facility  
  25  2:38  Probe  
  25  2:41  Shield Battery  
  25  2:43  Warp Gate  
  26  2:56  Stalker  
  28  3:15  Gateway x2, Warp Prism  
  30  3:38  Gateway  
  30  3:44  Shield Battery  
  30  4:07  Observer  
  30  4:08  Pylon  
  31  4:32  Stalker x3  
  31  4:35  Pylon  
  38  4:42  Zealot  
  39  4:55  Stalker, Sentry x2  
  45  5:08  Sentry  
Show
View Real Time Build Order
Export as new Build Order

Losting Protoss 

Build Orders:  

Get SALT Encoding   

  12  0:01  Probe  
  13  0:13  Probe  
  14  0:22  Pylon  
  14  0:25  Probe  
  15  0:40  Probe  
  15  0:41  Forge  
  16  0:53  Probe  
  17  1:03  Pylon  
  17  1:10  Pylon  
  18  1:11  Pylon  
  17  1:21  Photon Cannon  
  17  1:29  Pylon  
  17  1:41  Pylon  
  17  1:45  Pylon  
  17  1:52  Photon Cannon  
  16  1:55  Gateway  
  17  2:01  Probe  
  17  2:12  Photon Cannon  
  17  2:31  Assimilator  
  17  2:35  Assimilator  
  16  2:39  Probe  
  17  2:45  Cybernetics Core  
  17  2:49  Probe  
  18  2:57  Probe  
  18  3:00  Photon Cannon  
  18  3:05  Probe  
  20  3:17  Probe  
  21  3:26  Pylon  
  21  3:29  Probe  
  22  3:34  Robotics Facility  
  22  3:41  Probe  
  23  3:50  Pylon  
  23  3:52  Gateway  
  23  4:11  Immortal  
  23  4:13  Shield Battery  
  27  4:27  Gateway  
  27  4:38  Pylon  
  25  4:46  Probe  
  25  4:56  Shield Battery  
  25  4:58  Probe  
Tags
 
Add a new tag
Caveats
  • Supply blocks, unpowered buildings, or Contaminate may cause inaccurate times.
  • Supply counts are checked every 10 seconds.